General information
- name: BNet
- type: Ladder team game (AT/RT)
- host: Battle.net
- saver: BladeOfGrass
map: Friends
- players: 8
- length: 04:58
- speed: Fast
- version: 1.29 W3XP
- replay type: Public
» download(46 KB)
Players
team 1 (winner)

»
waphals (
orange | 85 APM | 424 actions | 04:58)
2 Lich
1 Frost Armor
1 Frost Nova
» actions
| Assign group hotkey | 52 | |
| Basic commands | 1 | |
| Build / train | 12 | |
| Enter build submenu | 9 | |
| Enter hero's abilities submenu | 2 | |
| Right click | 248 | |
| Select / deselect | 47 | |
| Select group hotkey | 41 | |
| Use ability | 12 | |
424 total
» units
| Acolyte | 2 | |
| Ghoul | 2 | |
| Crypt Fiend | 4 | |
8 total
» buildings
| Crypt | 1 | |
| Graveyard | 1 | |
| Ziggurat | 3 | |
| Altar of Darkness | 1 | |
| Tomb of Relics | 1 | |
| Halls of the Dead | 1 | |
8 total
» build order
00:07 Crypt
00:18 Graveyard
00:38 Ziggurat
00:59 Altar of Darkness
01:36 Ziggurat
02:37 Tomb of Relics
03:53 Halls of the Dead
04:14 Ziggurat

»
SimonPhoenix (
blue | 26 APM | 129 actions | 04:58)
2 Demon Hunter
1 Immolation
1 Evasion
» actions
| Assign group hotkey | 2 | |
| Build / train | 23 | |
| Enter build submenu | 8 | |
| Enter hero's abilities submenu | 2 | |
| Right click | 28 | |
| Select / deselect | 43 | |
| Select group hotkey | 14 | |
| Use ability | 9 | |
129 total
» units
» buildings
| Moon Well | 3 | |
| Altar of Elders | 1 | |
| Ancient of War | 1 | |
| Ancient of Wonders | 1 | |
| Tree of Ages | 1 | |
| Hunter's Hall | 1 | |
8 total
» build order
00:36 Moon Well
00:55 Altar of Elders
01:15 Ancient of War
01:35 Moon Well
03:17 Ancient of Wonders
03:37 Tree of Ages
04:33 Moon Well
04:53 Hunter's Hall
» items
PeonPhucker (
green | 43 APM | 216 actions | 04:58)
2 Crypt Lord
1 Carrion Beetles
1 Spiked Carapace
» actions
| Assign group hotkey | 7 | |
| Build / train | 18 | |
| Enter build submenu | 6 | |
| Enter hero's abilities submenu | 2 | |
| Right click | 93 | |
| Select / deselect | 61 | |
| Select group hotkey | 22 | |
| Use ability | 7 | |
216 total
» units
| Acolyte | 3 | |
| Ghoul | 4 | |
| Crypt Fiend | 4 | |
11 total
» upgrades
» buildings
| Graveyard | 1 | |
| Crypt | 1 | |
| Ziggurat | 3 | |
| Altar of Darkness | 1 | |
| Nerubian Tower | 2 | |
| Halls of the Dead | 1 | |
9 total
» build order
00:09 Graveyard
00:14 Crypt
00:37 Ziggurat
00:56 Altar of Darkness
01:46 Ziggurat
01:54 Nerubian Tower
01:54 Nerubian Tower
04:15 Halls of the Dead
04:19 Ziggurat
PANDOOOOOOOOOOO (
teal | 41 APM | 204 actions | 04:58)
1 Mountain King
1 Thunder Clap
» actions
| Assign group hotkey | 7 | |
| Build / train | 18 | |
| Enter build submenu | 9 | |
| Enter hero's abilities submenu | 1 | |
| Right click | 100 | |
| Select / deselect | 57 | |
| Select group hotkey | 3 | |
| Use ability | 9 | |
204 total
» units
» upgrades
» buildings
| Lumber Mill | 1 | |
| Blacksmith | 1 | |
| Barracks | 1 | |
| Farm | 5 | |
| Altar of Kings | 1 | |
| Keep | 1 | |
10 total
» build order
00:26 Lumber Mill
00:39 Blacksmith
01:05 Barracks
01:27 Farm
02:08 Altar of Kings
02:32 Farm
03:00 Farm
03:11 Farm
03:48 Farm
04:18 Keep
team 2 (loser)

»
never.less (
yellow | 66 APM | 229 actions | 03:28)
1 Far Seer
1 Feral Spirit
» actions
| Assign group hotkey | 5 | |
| Basic commands | 11 | |
| Build / train | 11 | |
| Enter build submenu | 6 | |
| Enter hero's abilities submenu | 1 | |
| Remove unit from queue | 2 | |
| Right click | 96 | |
| Select / deselect | 52 | |
| Select group hotkey | 31 | |
| Use ability | 14 | |
229 total
» units
» buildings
| Barracks | 1 | |
| Altar of Storms | 1 | |
| Orc Burrow | 2 | |
| Voodoo Lounge | 1 | |
5 total
» build order
00:28 Barracks
00:36 Altar of Storms
00:54 Orc Burrow
01:33 Voodoo Lounge
02:03 Orc Burrow
ISuk (
purple | 25 APM | 95 actions | 03:51)
1 Blademaster
1 Wind Walk
» actions
| Basic commands | 2 | |
| Build / train | 12 | |
| Enter build submenu | 6 | |
| Enter hero's abilities submenu | 1 | |
| Right click | 34 | |
| Select / deselect | 34 | |
| Use ability | 6 | |
95 total
» units
» buildings
| Orc Burrow | 1 | |
| Altar of Storms | 1 | |
| War Mill | 1 | |
| Voodoo Lounge | 1 | |
| Watch Tower | 2 | |
| Stronghold | 1 | |
7 total
» build order
00:19 Orc Burrow
00:36 Altar of Storms
00:56 War Mill
01:21 Voodoo Lounge
02:22 Watch Tower
02:27 Watch Tower
03:28 Stronghold
Gorilla_Kong (
red | 93 APM | 458 actions | 04:56)
1 Demon Hunter
1 Evasion
» actions
| Assign group hotkey | 15 | |
| Basic commands | 29 | |
| Build / train | 17 | |
| Enter build submenu | 8 | |
| Enter hero's abilities submenu | 1 | |
| Right click | 236 | |
| Select / deselect | 78 | |
| Select group hotkey | 64 | |
| Use ability | 10 | |
458 total
» units
» buildings
| Altar of Elders | 1 | |
| Moon Well | 5 | |
| Ancient of War | 1 | |
| Ancient of Wonders | 1 | |
8 total
» build order
00:06 Altar of Elders
00:20 Moon Well
00:51 Ancient of War
01:35 Moon Well
02:13 Ancient of Wonders
02:39 Moon Well
03:20 Moon Well
03:48 Moon Well
BladeOfGrass (
pink | 58 APM | 287 actions | 04:58)
1 Archmage
1 Blizzard
» actions
| Assign group hotkey | 4 | |
| Basic commands | 25 | |
| Build / train | 16 | |
| Enter build submenu | 3 | |
| Enter hero's abilities submenu | 1 | |
| Give item / drop item | 1 | |
| Remove unit from queue | 2 | |
| Right click | 127 | |
| Select / deselect | 77 | |
| Select group hotkey | 20 | |
| Use ability | 11 | |
287 total
» units
» buildings
» build order
00:37 Altar of Kings
00:38 Farm
» items
Chat log
(00:23 / Allies) never.less: pink is a bser
(00:52 / Allies) never.less: u gonna play this game pink
(01:09 / Allies) ISuk: melel for me
(01:17 / Allies) never.less: pink is going to militia tp
(01:30 / Allies) ISuk: he blizz
(02:18 / Allies) never.less: like i said
(02:41 / Allies) ISuk: pink why??
(03:07 / Allies) never.less: because hes a noob
(03:09 / Allies) never.less: told u guys
(04:48 / Allies) BladeOfGrass: raped
(04:49 / Allies) BladeOfGrass: lol
(04:50 / All) Gorilla_Kong: gg
(04:54 / All) Gorilla_Kong: so funny scrub